 Dungeon Crawl Stone Soup version 0.19-a0-1907-gcff654f (webtiles) character file.

571 Ijustatesigmund the Conjurer (level 7, -1/62 HPs)
             Began as a Naga Wizard on Oct 21, 2016.
             Was an Initiate of Cheibriados.
             Slain by an ice beast (12 damage)
             ... on level 4 of the Dungeon.
             The game lasted 00:19:41 (4766 turns).

Ijustatesigmund the Conjurer (Naga Wizard)          Turns: 4766, Time: 00:19:42

Health: -1/62      AC:  5    Str: 10    XL:     7   Next: 34%
Magic:  0/11       EV: 10    Int: 19    God:    Cheibriados [......]
Gold:   149        SH:  0    Dex: 19    Spells: 5 memorised, 1 level left

rFire  . . .     SeeInvis +     q - -3 mace (curse)
rCold  . . .     Gourm    +     a - +0 robe
rNeg   . . .     Faith    .     (no shield)
rPois  +         Spirit   .     b - +0 hat
rElec  .         Reflect  .     j - +1 cloak
rCorr  .         Harm     .     (no gloves)
MR     .....                    (no barding)
Stlth  +++.......               t - amulet of the gourmand
                                u - +6 ring of dexterity
                                r - ring of wizardry

@: very slightly contaminated, repel missiles, very slow
A: see invisible, deformed body, poison resistance, slowness 2, slow metabolism
1, spit poison 1, AC +2
a: Spit Poison, Bend Time, Renounce Religion


You were on level 4 of the Dungeon.
You worshipped Cheibriados.
Cheibriados was noncommittal.
You were not hungry.

You visited 2 branches of the dungeon, and saw 6 of its levels.

You collected 149 gold pieces.

Inventory:

Hand Weapons
 e - a +1 mace
 q - a cursed -3 mace (weapon)
Armour
 a - a +0 robe (worn)
 b - a +0 hat (worn)
 j - a +1 cloak (worn)
 k - a +0 buckler
Jewellery
 r - a ring of wizardry (left hand)
 t - an amulet of the gourmand (around neck)
 u - a +6 ring of dexterity (right hand)
Scrolls
 m - a scroll of amnesia
 w - a scroll of enchant weapon
Potions
 g - 2 potions of flight
 l - a potion of haste
 n - a potion of berserk rage
 s - 2 potions of agility {unknown}
 v - a potion of lignification {unknown}
 z - a potion of resistance {unknown}
Books
 c - a book of Minor Magic

   Spells                             Type                      Level
   a - Magic Dart                     Conjuration                  1
   b - Blink                          Translocation                2
   c - Call Imp                       Summoning                    2
   d - Repel Missiles                 Charms/Air                   2
   e - Slow                           Hexes                        2
   f - Conjure Flame                  Conjuration/Fire             3
   g - Mephitic Cloud                 Conjuration/Poison/Air       3
 i - a book of Misfortune

   Spells                             Type                      Level
   a - Confusing Touch                Hexes                        1
   b - Confuse                        Hexes                        3
   c - Gell's Gravitas                Hexes/Translocation          3
   d - Petrify                        Transmutation/Earth          4
   e - Metabolic Englaciation         Hexes/Ice                    5
   f - Yara's Violent Unravelling     Hexes/Transmutation          5
Comestibles
 d - 3 bread rations
 f - 2 slices of pizza
 h - a meat ration


   Skills:
 + Level 3.6 Fighting
 - Level 1.5 Dodging
 - Level 3.0 Stealth
 - Level 3.0 Spellcasting
 - Level 3.9 Conjurations
   Level 1.0 Summonings
 - Level 2.6 Translocations
 - Level 3.4 Air Magic
 - Level 3.0 Poison Magic


You had one spell level left.
You knew the following spells:

 Your Spells              Type           Power        Failure   Level  Hunger
a - Magic Dart            Conj           ###.         1%          1    None
b - Blink                 Tloc           N/A          4%          2    ##.....
c - Repel Missiles        Chrm/Air       #.....       6%          2    ##.....
d - Mephitic Cloud        Conj/Pois/Air  ###.....     4%          3    ###....
e - Conjure Flame         Conj/Fire      ##......     9%          3    ###....


Dungeon Overview and Level Annotations

Branches:
Dungeon (5/15)             Temple (1/1) D:4

Altars:
Ashenzari
Cheibriados
Dithmenos
Fedhas
Gozag
Hepliaklqana
Kikubaaqudgha
Nemelex Xobeh
Okawaru
Qazlal
Ru
Sif Muna
Trog
Uskayaw
Vehumet
Xom
Yredelemnul
Zin
The Shining One

Annotations:
D:5 Graouh's ghost, amateur MiFi


Innate Abilities, Weirdness & Mutations

You cannot wear boots.
Your serpentine skin is tough. (AC +2)
You have supernaturally acute eyesight. (SInv)
Armour fits poorly on your strangely shaped body.
Your system is resistant to poisons. (rPois)
You cover ground very slowly.
You have a slow metabolism.
You can spit poison.


Message History

The magic dart hits the ice beast.
The ice beast is lightly wounded.
The ice beast barely misses you.
Casting: Magic Dart
Confirm with . or Enter, or press ? or * to list all spells.
Aiming: Magic Dart
Press: ? - help, Shift-Dir - straight line, f/p - ice beast
Aim: an ice beast (lightly wounded)
The magic dart hits the ice beast.
The ice beast is moderately wounded.
The sentinel's mark upon you fades away.
The ice beast hits you.
* * * LOW HITPOINT WARNING * * *
The ice beast freezes you!
* * * LOW HITPOINT WARNING * * *
Okay, then.
You feel better. The ice beast hits you.
* * * LOW HITPOINT WARNING * * *
The ice beast freezes you!
You die...

....#
##.....#.##...........
....#
#.....#.##...........
....#######
#...S.#.#############
....##....# #.....#.....#
..........# ##....#####.#
..........# #....# #.#
..........# #....# #.#
.......##.# ###.).# #.#
..........# #..(@Y# #.#
..........###.#########'##
..........#..............#
..........#.)............#
..........#..............#
...######.#..............#
..>'.)...................#
...#####.##..............#
...# #.##..............#


You could see an ice beast and an adder (confused).

Vanquished Creatures
  2 ogres
  3 orc wizards (D:4)
  An orc priest (D:4)
  5 worker ants (D:4)
  7 adders
  4 worms
  A dart slug (D:4)
  6 leopard geckos
  6 orcs (D:4)
  A ball python (D:1)
  2 giant cockroaches
  13 goblins
  8 hobgoblins
  4 jackals
  13 kobolds
  2 quokkas
  11 bats
  2 frilled lizards (D:2)
  A jackal skeleton (D:4)
  8 rats
100 creatures vanquished.

Notes
Turn   | Place    | Note
-------+----------+-------------------------------------------
     0 | D:1      | Ijustatesigmund the Naga Wizard began the quest for the Orb.
     0 | D:1      | Reached XP level 1. HP: 15/15 MP: 4/4
   265 | D:1      | Reached XP level 2. HP: 22/22 MP: 3/6
   269 | D:1      | Learned a level 2 spell: Blink
   272 | D:1      | Learned a level 2 spell: Repel Missiles
   697 | D:1      | Reached XP level 3. HP: 21/28 MP: 4/7
   890 | D:2      | Found a hide-covered altar of Uskayaw.
   890 | D:2      | Noticed a hand axe
   890 | D:2      | Noticed a hand axe
   996 | D:2      | You fall through a shaft for 2 floors!
  1051 | D:4      | HP: 1/28 [worker ant (4)]
  1056 | D:4      | Reached XP level 4. HP: 6/36 MP: 4/8
  1508 | D:4      | Reached XP level 5. HP: 29/42 MP: 1/9
  1614 | D:4      | Learned a level 3 spell: Mephitic Cloud
  1623 | D:3      | Found a basalt altar of Yredelemnul.
  1623 | D:3      | Found a shimmering altar of Xom.
  1762 | D:4      | Reached skill level 1 in Air Magic
  1762 | D:4      | Reached skill level 1 in Poison Magic
  1768 | D:4      | Found an iron altar of Okawaru.
  1771 | D:4      | Noticed an ogre
  1776 | D:4      | Killed an ogre
  1776 | D:4      | Reached XP level 6. HP: 49/49 MP: 2/10
  2544 | D:2      | Learned a level 3 spell: Conjure Flame
  2981 | D:2      | Reached skill level 1 in Fighting
  3127 | D:2      | Found a bloodstained altar of Trog.
  3448 | D:3      | Reached XP level 7. HP: 61/61 MP: 0/11
  4029 | D:3      | Found a radiant altar of Vehumet.
  4393 | D:4      | Found a staircase to the Ecumenical Temple.
  4405 | Temple   | Entered the Ecumenical Temple
  4465 | Temple   | Became a worshipper of Cheibriados the Contemplative
  4698 | D:5      | Entered Level 5 of the Dungeon
  4730 | D:5      | Found a sand-covered staircase.
  4732 | D:5      | Noticed Graouh's ghost (amateur MiFi)
  4766 | D:4      | Slain by an ice beast

Vault maps used:
D:1:      onia_arrival_mini_spirals
D:2:      bloody_trog, dancing_weapons_uskayaw
D:3:      vehumet_crystals, nicolae_overflow_hidden_temple, serial_bayou_pond_d
D:4:      first_bread, okawaru_gym_becter
D:5:      enter_ossuary_2
Temple:   eino_temple_water

Skill      XL: |  1  2  3  4  5  6  7 |
---------------+----------------------+-----
Conjurations   | 2 3 |  3.9
Translocations | 2 |  2.6
Air Magic      | 2 3 |  3.4
Poison Magic   | 2 3 |  3.0
Fighting       | 2 3 |  3.6
Dodging        | |  1.5
Stealth        | |  3.0
Spellcasting   | |  3.0
Summonings     | |  1.0

Action                   |  1- 3 |  4- 6 |  7- 9 || total
-------------------------+-------+-------+-------++-------
Melee: Whip              |     1 |       |       ||     1
       Mace              |    12 |    35 |     2 ||    49
 Cast: Magic Dart        |    49 |   139 |    58 ||   246
       Repel Missiles    |     1 |     1 |       ||     2
       Blink             |     1 |       |       ||     1
       Mephitic Cloud    |       |     3 |     1 ||     4
 Abil: Spit Poison       |     4 |    16 |     1 ||    21
  Use: Scroll            |     4 |     5 |     4 ||    13
       Potion            |     2 |       |     2 ||     4
 Stab: Sleeping          |     1 |     1 |     1 ||     3
  Eat: Chunk             |       |     7 |     6 ||    13
Armor: Robe              |     7 |    25 |    22 ||    54
Dodge: Dodged            |    18 |    33 |    32 ||    83
       Deflected         |       |     1 |       ||     1
